 Dungeon Crawl Stone Soup version 0.19-a0-1170-g18f0c96 (webtiles) character file.

150 jacquesderrida the Cudgeler (level 5, -3/42 HPs)
             Began as a Minotaur Warper on Aug 18, 2016.
             Slain by a gnoll
             ... wielding a +0 halberd
              (13 damage)
             ... on level 4 of the Dungeon.
             The game lasted 00:04:05 (1013 turns).

jacquesderrida the Cudgeler (Minotaur Warper)       Turns: 1013, Time: 00:04:06

Health: -3/42      AC:  3    Str: 15    XL:     5   Next: 10%
Magic:  6/6        EV: 17    Int: 10    God:
Gold:   88         SH:  0    Dex: 16    Spells: 1 memorised, 5 levels left

rFire  . . .     SeeInvis .     h - +0 flail
rCold  . . .     Gourm    .     b - +0 leather armour
rNeg   . . .     Faith    .     (no shield)
rPois  .         Spirit   .     (helmet restricted)
rElec  .         Dismiss  .     (no cloak)
rCorr  .         Reflect  .     (no gloves)
MR     .....     Harm     .     (no boots)
Stlth  ++........               (no amulet)
                                (no ring)
                                (no ring)

@: agile
A: retaliatory headbutt, horns 2
a: no special abilities


You were on level 4 of the Dungeon.
You were hungry.

You visited 1 branch of the dungeon, and saw 4 of its levels.

You collected 88 gold pieces.

Inventory:

Hand Weapons
 a - a +0 mace
 h - a +0 flail (weapon)
Missiles
 e - 4 tomahawks of dispersal (quivered)
 p - a throwing net
Armour
 b - a +0 leather armour (worn)
Scrolls
 d - a scroll of blinking
 k - a scroll of fog
 l - 2 scrolls of magic mapping {unknown}
 m - 2 scrolls of identify
 q - a scroll of remove curse
 r - a scroll of immolation
 u - a scroll of amnesia {unknown}
Potions
 i - 3 potions of curing
 o - a potion of haste {unknown}
 s - a potion of invisibility {unknown}
 t - a potion of ambrosia {unknown}
Books
 c - a book of Spatial Translocations

   Spells                             Type                      Level
   a - Apportation                    Translocation                1
   b - Blink                          Translocation                2
   c - Shroud of Golubria             Charms/Translocation         2
   d - Portal Projectile              Translocation                3
   e - Teleport Other                 Translocation                3
   f - Passage of Golubria            Translocation                4
Comestibles
 f - 4 bread rations
 g - 2 meat rations
 n - a beef jerky


   Skills:
 - Level 2.4 Fighting
 + Level 6.4 Maces & Flails
 - Level 1.0 Throwing
 - Level 1.2 Armour
 - Level 2.1 Dodging
 - Level 1.3 Spellcasting
 - Level 2.1 Translocations


You had 5 spell levels left.
You knew the following spells:

 Your Spells              Type           Power        Failure   Level  Hunger
a - Apportation           Tloc           #.........   17%         1    ##.....


Dungeon Overview and Level Annotations

Branches:
Dungeon (4/15)
 Temple: D:4-7

Altars:
Gozag


Innate Abilities, Weirdness & Mutations

You reflexively headbutt those who attack you in melee.
You have a pair of horns on your head.


Message History

The gnoll barely misses you.
The gnoll hits you from afar with a halberd!
* * * LOW HITPOINT WARNING * * *
The scorpion misses you. You furiously retaliate!
You headbutt the scorpion, but do no damage.
You closely miss the scorpion.
The scorpion is heavily wounded.
The gnoll closely misses you. x2; The scorpion barely misses you.
You hit the scorpion.
The scorpion is almost dead.
The gnoll closely misses you. The scorpion completely misses you.
The gnoll misses you.
You closely miss the scorpion. You headbutt the scorpion.
You kill the scorpion!
Your Maces & Flails skill increases to level 6!
You have reached level 5!
You are feeling hungry.
The gnoll closely misses you.
The gnoll hits you from afar with a halberd!
You die...

...........g......#
............####..#
#+########..# #..#
# #......#..+ #
#......#..# #
#.....##..# #
#....[##gg# #
########).# #####
#@.+ ....# #..#
....# #..# ....#
#..# ....# #..#
....# #..# ....#
#### ##### ..#


You could see 2 gnolls.

Vanquished Creatures
  A scorpion (D:4)
  4 gnolls
  3 adders
  A worm (D:2)
  A giant gecko (D:3)
  2 orcs
  3 bats
  A giant cockroach (D:3)
  5 goblins
  3 hobgoblins (D:3)
  A ball python (D:2)
  3 giant newts
  2 kobolds
  3 rats
33 creatures vanquished.

Notes
Turn   | Place    | Note
-------+----------+-------------------------------------------
     0 | D:1      | jacquesderrida the Minotaur Warper began the quest for the Orb.
     0 | D:1      | Reached XP level 1. HP: 18/18 MP: 1/1
   118 | D:1      | Reached skill level 3 in Maces & Flails
   189 | D:2      | Reached XP level 2. HP: 25/25 MP: 3/3
   194 | D:2      | Reached skill level 4 in Maces & Flails
   205 | D:2      | Found an opulent altar of Gozag.
   344 | D:2      | Reached XP level 3. HP: 24/30 MP: 4/4
   499 | D:3      | Reached skill level 5 in Maces & Flails
   683 | D:3      | Reached XP level 4. HP: 13/37 MP: 5/5
  1013 | D:4      | Reached skill level 6 in Maces & Flails
  1013 | D:4      | Reached XP level 5. HP: 10/42 MP: 6/6
  1013 | D:4      | Slain by a gnoll

Vault maps used:
D:1:      minmay_arrival_cross
D:2:      nicolae_overflow_hidden_temple, tso_altar, ecumenical_altar_2
D:3:      first_bread
D:4:      item_on_display_a

Skill      XL: |  1  2  3  4 |
---------------+-------------+-----
Maces & Flails | 3 4 5 6 |  6.4
Fighting       | |  2.4
Throwing       | |  1.0
Armour         | |  1.2
Dodging        | |  2.1
Spellcasting   | |  1.3
Translocations | |  2.1

Action                   |  1- 3 |  4- 6 || total
-------------------------+-------+-------++-------
Melee: Mace              |    14 |       ||    14
       Flail             |    44 |    21 ||    65
       Headbutt          |     9 |     2 ||    11
Throw: Tomahawk          |     1 |       ||     1
  Use: Potion            |     1 |     3 ||     4
       Scroll            |       |     6 ||     6
Armor: Leather armour    |    11 |     2 ||    13
Dodge: Dodged            |    42 |    25 ||    67
